 Dungeon Crawl Stone Soup version 0.20-a0-1025-g4706f7e (webtiles) character file.

30 Megalobster the Conjurer (level 3, 0/19 HPs)
             Began as a Deep Elf Conjurer on Apr 19, 2017.
             Succumbed to an adder's poison
             ... on level 2 of the Dungeon.
             The game lasted 00:02:41 (906 turns).

Megalobster the Conjurer (Deep Elf Conjurer)         Turns: 906, Time: 00:02:41

Health: 0/19       AC:  2    Str:  5    XL:     3   Next: 3%
Magic:  1/10       EV: 13    Int: 20    God:
Gold:   23         SH:  0    Dex: 15    Spells: 6/9 levels left

rFire    . . .     SeeInvis .   m - +0 dagger
rCold    . . .     Gourm    .   (no shield)
rNeg     . . .     Faith    .   a - +0 robe
rPois    .         Spirit   .   (no helmet)
rElec    .         Reflect  .   (no cloak)
rCorr    .         Harm     .   (no gloves)
MR       .....                  (no boots)
Stlth    ++........             (no amulet)
Regen    0.1/turn               (no ring)
MPRegen  0.2/turn               (no ring)

@: lethally poisoned (0 -> -11), very slightly contaminated, invisible
A: no striking features
a: no special abilities


You were on level 2 of the Dungeon.
You were not hungry.

You visited 1 branch of the dungeon, and saw 2 of its levels.

You collected 23 gold pieces.

Inventory:

Hand Weapons
 m - a +0 dagger (weapon)
Missiles
 h - 23 stones (quivered)
Armour
 a - a +0 robe (worn)
Scrolls
 i - a scroll of recharging {unknown}
 k - 3 scrolls of teleportation {unknown}
Potions
 e - 2 potions of invisibility
 j - a potion of degeneration {unknown}
 l - a potion of might {unknown}
Books
 b - a book of Conjurations

   Spells                             Type                      Level
   a - Magic Dart                     Conjuration                  1
   b - Searing Ray                    Conjuration                  2
   c - Dazzling Spray                 Conjuration/Hexes            3
   d - Fulminant Prism                Conjuration/Hexes            4
   e - Force Lance                    Conjuration/Translocation    4
   f - Iskenderun's Mystic Blast      Conjuration                  4
Comestibles
 c - 2 bread rations
 d - 10 fruits
 f - a royal jelly
 g - 3 chunks of flesh


   Skills:
 - Level 2.4 Dodging
 - Level 2.4 Stealth
 + Level 3.5 Spellcasting
 * Level 5.2 Conjurations


You had 6 spell levels left.
You knew the following spells:

 Your Spells              Type           Power        Failure   Level  Hunger
a - Magic Dart            Conj           ###.         1%          1    None
b - Searing Ray           Conj           ###...       2%          2    ##.....


Dungeon Overview and Level Annotations

Branches:
Dungeon (2/15)

Altars:


Message History

You kill the adder!
You have reached level 3!
Your experience leads to an increase in your attributes!
Increase (S)trength, (I)ntelligence, or (D)exterity?
You feel clever.
* * * LOW HITPOINT WARNING * * *
You feel sick. The adder bites you.
* * * LOW HITPOINT WARNING * * *
You closely miss the adder.
The adder is moderately wounded.
* * * LOW HITPOINT WARNING * * *
You feel sick. The adder misses you.
Some of the chunks of flesh in your inventory have rotted away.
You hit the adder but do no damage.
The adder is moderately wounded.
The adder misses you.
Unknown command.
It was a potion of invisibility.
You fade into invisibility!
You die...

♣ #.# ♣♣. #.# ♣♣.♣♣
#.# ♣♣...♣ #.#
♣....♣ #.# # #....#
#.# .. #####....#
#.# ..
..##...######.#
##.##.###...S@..#.#
......###.#####.#.#
#.....# #.#.# ##.##
#...### ###.#.#
......##.###
#.....# #....#
#.#.### #.##.#
##.#.# # #.# #....#
#.# #..###


You could see an adder.

Vanquished Creatures
  An adder (D:2)
  A dart slug (D:1)
  A giant cockroach (D:1)
  2 goblins
  2 hobgoblins (D:1)
  2 jackals (D:1)
  4 bats (D:1)
  A frilled lizard (D:1)
  3 kobolds (D:1)
  A rat (D:1)
18 creatures vanquished.

Notes
Turn   | Place    | Note
-------+----------+-------------------------------------------
     0 | D:1      | Megalobster the Deep Elf Conjurer began the quest for the Orb.
     0 | D:1      | Reached XP level 1. HP: 10/10 MP: 6/6
   349 | D:1      | Reached XP level 2. HP: 15/15 MP: 4/8
   384 | D:1      | Learned a level 2 spell: Searing Ray
   647 | D:1      | Reached skill level 5 in Conjurations
   903 | D:2      | Reached XP level 3. HP: 4/19 MP: 1/10
   906 | D:2      | Succumbed to an adder's poison

Vault maps used:
D:1:      lightli_arrival_farm, corexii_corridor_pit
D:2:      kennysheep_vampire_church, tgw_trog, uniq_crazy_yiuf_cottage,
          uniq_sigmund, uniq_terence

Skill      XL: |  1  2 |
---------------+-------+-----
Conjurations   | 5 |  5.2
Dodging        | |  2.4
Stealth        | |  2.4
Spellcasting   | |  3.5

Action                   || total
-------------------------++-------
Melee: Dagger            ||     8
 Cast: Magic Dart        ||    31
       Searing Ray       ||     1
  Use: Potion            ||     1
Armor: Robe              ||     1
Dodge: Dodged            ||     9
